 Dungeon Crawl Stone Soup version 0.31-a0-1074-g0b22e4e0f1 (webtiles) character file.

Game seed: 5186658928070215359

496 monsoonserge the Ruffian (level 7, -4/64 HPs)
             Began as an Octopode Artificer on Dec 6, 2023.
             Slain by a killer bee (9 damage)
             ... on level 4 of the Dungeon.
             The game lasted 00:05:50 (2203 turns).

monsoonserge the Ruffian (Octopode Artificer)       Turns: 2203, Time: 00:05:50

Health: -4/64      AC:  1    Str: 13    XL:     7   Next: 15%
Magic:  7/7        EV: 13    Int: 14    God:
Gold:   135        SH:  0    Dex: 12    Spells: 6/6 levels left

rFire   + .          .
                       - Unarmed
rCold   . . .        g - orb {light}
rNeg    . . .        (helmet restricted)
rPois   .            e - amulet of regeneration
rElec   .            p - ring of resist corrosion
rCorr   +            q - ring of protection from fire
SInv    .            (no ring)
Will    .....        (no ring) Stlth
                     (no ring)
HPRegen 1.10/turn    (no ring)
MPRegen 0.10/turn    (no ring)
                     (no ring)

%: no passive effects
@: berserking, lethally poisoned (-4 -> -9), attractive, glowing, very quick
A: almost no armour, amphibious, 8 rings, camouflage 1, gelatinous body 1,
(nimble swimmer 1), tentacles
a: no special abilities


You were on level 4 of the Dungeon.
You visited 1 branch of the dungeon, and saw 4 of its levels.

You collected 135 gold pieces.

Inventory:

Missiles
 i - 9 poisoned darts (quivered)
Armour
 g - an orb of light (worn)
Magical Staves
 n - a staff of fire
Jewellery
 e - an amulet of regeneration (around mantle)
 p - a ring of resist corrosion (left tentacle)
 q - a ring of protection from fire (right tentacle)
Wands
 b - a wand of flame (43)
 c - a wand of charming (15)
 d - a wand of iceblast (5)
 l - a wand of light (10)
Scrolls
 a - 3 scrolls of teleportation
 h - a scroll of identify {unknown}
 o - a scroll of immolation {unknown}
 t - a scroll of noise {unknown}
 u - a scroll of poison {unknown}
Potions
 f - 3 potions of curing {unknown}
 j - a potion of degeneration {unknown}
 k - a potion of heal wounds {unknown}
 m - a potion of cancellation {unknown}
 r - a potion of berserk rage
 s - a potion of attraction


   Skills:
 + Level 1.1 Fighting
 + Level 3.0 Dodging
 + Level 2.2 Stealth
 * Level 6.3 Unarmed Combat
 + Level 4.1 Evocations


You had 6 spell levels left.
You didn't know any spells.
Your spell library contained the following spells:

 Spells                   Type           Power      Damage    Failure   Level
 Call Canine Familiar     Summ           0%         N/A       65%         3
 Sigil of Binding         Hex            0%         N/A       65%         3
 Dimensional Bullseye     Hex/Tloc       0%         N/A       96%         4
 Leda's Liquefaction      Hex/Erth       0%         N/A       96%         4


Dungeon Overview and Level Annotations

Branches:
Dungeon (4/15)
 Temple: D:4-7

Altars:


Innate Abilities, Weirdness & Mutations

You cannot wear most types of armour.
You are amphibious.
You can wear up to eight rings at the same time.
Your skin changes colour to match your surroundings (Stealth+).
Your rubbery body absorbs attacks. (AC +1, EV +1)
((You are camouflaged when in or above water. (Stealth+)))
You have tentacles for arms and can constrict up to eight enemies at once.


Message History

The killer bee stings you.
You are poisoned.
The killer bee poisons you!
You closely miss the killer bee. You grab the killer bee.
You tentacle-slap the killer bee. You squeeze the killer bee!
The killer bee is heavily wounded.
You constrict the killer bee.
You feel sick. The killer bee closely misses you. The killer bee stings you.
You are more poisoned.
The killer bee poisons you! The killer bee stings you.
You are more poisoned.
The killer bee poisons you!
You bludgeon the killer bee! You grab the killer bee.
Your squeeze misses the killer bee.
The killer bee is moderately wounded.
You constrict the killer bee. x2
You feel very sick. The killer bee closely misses you.
The killer bee stings you!
* * * LOW HITPOINT WARNING * * *
It was a potion of attraction.
You feel attractive to monsters.
You constrict the killer bee. x2
* * * LOW HITPOINT WARNING * * *
You feel very sick. The killer bee barely misses you.
The killer bee completely misses you. The killer bee misses you.
The killer bee barely misses you.
It was a potion of berserk rage.
A red film seems to cover your vision as you go berserk!
You feel yourself moving faster!
You feel mighty!
You constrict the killer bee. x2
* * * LOW HITPOINT WARNING * * *
You feel very sick. The killer bee barely misses you.
The killer bee stings you but does no damage.
The killer bee misses you. The killer bee barely misses you.
You bludgeon the killer bee!
You kill the killer bee!
You constrict the killer bee.
* * * LOW HITPOINT WARNING * * *
You feel sick. The killer bee closely misses you. The killer bee stings you!
You die...

. . # .###. ##.#.
#...# # #...##### y .
#. #.y.#...#.y .
#.###y# ...y ### ##.
##..@###...###. .##..
#....†#.###.#. .#.#
#...#...#...#...#
#..# #..
#####†..#...#####..#
# #...#...#...#..#
#...(.#.###.#.....#..
##...###...###...##.#
#.### #.....#.###.#..
#. #...#...#...#...#.


You could see 2 killer bees.

Vanquished Creatures
  Grinder (D:3)
  Sigmund (D:3)
  2 killer bees (D:4)
  3 adders
  3 worms
  A dart slug (D:4)
  7 bats
  5 endoplasms
  4 giant cockroaches
  5 goblins
  5 hobgoblins
  4 jackals
  2 quokkas
  4 ball pythons
  2 frilled lizards
  5 kobolds
  5 rats
59 creatures vanquished.

Notes
Turn   | Place    | Note
-------+----------+-------------------------------------------
     0 | D:1      | monsoonserge the Octopode Artificer began the quest for the
                  | Orb.
     0 | D:1      | Reached XP level 1. HP: 13/13 MP: 1/1
   213 | D:1      | Reached XP level 2. HP: 18/18 MP: 2/2
   376 | D:1      | You fall into a shaft and drop 1 floor!
   659 | D:2      | Reached XP level 3. HP: 23/23 MP: 3/3
   692 | D:2      | Reached skill level 1 in Unarmed Combat
  1221 | D:3      | Noticed Grinder
  1250 | D:3      | Killed Grinder
  1251 | D:3      | Reached skill level 5 in Unarmed Combat
  1251 | D:3      | Reached XP level 4. HP: 20/28 MP: 4/4
  1251 | D:3      | Reached XP level 5. HP: 24/33 MP: 5/5
  1251 | D:3      | Reached XP level 6. HP: 28/38 MP: 6/6
  1704 | D:3      | Noticed Sigmund
  1711 | D:3      | Killed Sigmund
  1712 | D:3      | Reached skill level 6 in Unarmed Combat
  1913 | D:3      | Reached XP level 7. HP: 41/43 MP: 7/7
  2193 | D:4      | Identified the +3 leather armour of Slovenliness {rN+
                  | Will+}
  2203 | D:4      | Slain by a killer bee

Illustrated notes

Levels and vault maps discovered:
D:1:      minmay_arrival_semitransparent, layout_basic
D:2:      layout_loops_ring
D:3:      minmay_evil_eye, layout_loops_ring, chequers_serial_rivers_large_b,
          uniq_grinder, uniq_sigmund
D:4:      nicolae_cairo_tiling, layout_basic

Skill      XL: |  1  2  3  4  5  6 |
---------------+-------------------+-----
Unarmed Combat | 5 6 |  6.3
Evocations     | 4 |  4.1
Dodging        | 3 |  3.0
Stealth        | 2 |  2.2
Fighting       | |  1.1

Action                     |  1- 3 |  4- 6 |  7- 9 || total
---------------------------+-------+-------+-------++-------
  Melee: Short sword       |    18 |       |       ||    18
         Constrict         |    20 |     4 |     8 ||    32
         Tentacles         |    20 |     5 |     4 ||    29
         Punch             |     1 |     1 |     1 ||     3
         Mace              |    52 |       |       ||    52
         Staff             |     3 |       |       ||     3
         Unarmed           |       |    21 |    22 ||    43
    Use: Scroll            |       |     1 |       ||     1
         Potion            |       |       |     2 ||     2
   Stab: Sleeping          |     5 |       |     1 ||     6
 Armour: Skin              |    33 |     9 |    11 ||    53
  Dodge: Dodged            |    50 |    10 |    21 ||    81

Table legend: (Time is in decaauts)
 A = Elapsed time spent in this place.
 B = Non-inter-level travel time spent in this place.
 C = Inter-level travel time spent in this place.
 D = Time resting spent in this place.
 E = Time spent auto-exploring this place.
 F = Levels seen in this place.
 G = Mean time per level.
                   A        B        C        D        E       F      G
               +--------+--------+--------+--------+--------+-----+--------+
         Total |   2217 |   2102 |    115 |      7 |   1494 |   4 |  554.2 |
       Dungeon |   2217 |   2102 |    115 |      7 |   1494 |   4 |  554.2 |
               +--------+--------+--------+--------+--------+-----+--------+

Top non-repeatable levels by time:
     D:3: 816 daAuts
     D:2: 692 daAuts
     D:1: 604 daAuts
     D:4: 104 daAuts
